 Dungeon Crawl Stone Soup version 0.31.0-1-g2c135a0 (webtiles) character file.

Game seed: 8897953519932334205

468313 jagoly the Scorcher (level 22, 0/174 HPs)
             Began as a Human Earth Elementalist on Jan 31, 2024.
             Was the Champion of Cheibriados.
             Succumbed to an emperor scorpion's poison
             ... on level 1 of the Tomb of the Ancients.
             The game lasted 08:11:43 (16769 turns).

jagoly the Scorcher (Human Earth Elementalist)     Turns: 16769, Time: 08:11:44

Health: 0/174      AC: 24    Str: 30      XL:     22   Next: 47%
Magic:  25/41      EV: 22    Int: 41 (42) God:    Cheibriados [******]
Gold:   3396       SH: 20    Dex: 30      Spells: 1/51 levels left

rFire   + . .        a - +10 rapier "Doedij" {freeze, rC+ rCorr}
rCold   + + +        F - +5 kite shield {AC+3}
rNeg    + + +        I - +3 scale mail {rF+}
rPois   +            (helmet restricted)
rElec   +            A - +2 cloak {rPois}
rCorr   +            g - +1 pair of gloves "Lukesm" {rElec rN+ Will++ Stlth+}
SInv    +            x - +2 pair of boots of Beogh's Brutal Revenge {Str+2 SInv}
Will    +++..        v - amulet of regeneration
Stlth   +++++        U - ring "Feseg" {rC++ rN+ Int+6}
HPRegen 1.29/turn    E - ring "Poriat" {rElec rN+ Slay+3}
MPRegen 0.27/turn

%: no passive effects
@: lethally poisoned (0 -> -10), slowed, studying 2 skills, very slow
A: explore regen, hooves 1, horns 1, electricity resistance, noise suppression
}: 4/15 runes: decaying, slimy, silver, gossamer
a: Renounce Religion, Bend Time, Temporal Distortion, Slouch, Step From Time


You were on level 1 of the Tomb of the Ancients.
You worshipped Cheibriados.
Cheibriados was exalted by your worship.
You visited 11 branches of the dungeon, and saw 48 of its levels.
You also visited: Ossuary, Gauntlet and Volcano.

You collected 6669 gold pieces.
You spent 3273 gold pieces at shops.

Inventory:

Hand Weapons
 a - the +10 rapier "Doedij" (weapon) {freeze, rC+ rCorr}
   (You found it on level 3 of the Dungeon)

   rC+:       It protects you from cold.
   rCorr:     It protects you from acid and corrosion.
 b - a +9 heavy broad axe
Missiles
 f - 4 javelins
 w - 2 silver javelins
 K - 36 boomerangs (quivered)
 Z - 3 curare-tipped darts
Armour
 g - the +1 pair of gloves "Lukesm" (worn) {rElec rN+ Will++ Stlth+}
   (You found it on level 5 of the Pits of Slime)

   rElec:     It insulates you from electricity.
   rN+:       It protects you from negative energy.
   Will++:    It greatly increases your willpower.
   Stlth+:    It makes you more stealthy.
 x - the +2 pair of boots of Beogh's Brutal Revenge (worn) {Str+2 SInv}
   (You found it on level 5 of the Vaults)

   Str+2:     It affects your strength (+2).
   SInv:      It lets you see invisible.
 A - a +2 cloak of poison resistance (worn)
 F - a +5 kite shield of protection (worn)
 G - a scarf of repulsion
 I - a +3 scale mail of fire resistance (worn)
Magical Staves
 Y - the staff of the Nexus {rF+ rN+ Int+4 Necro}
   (You found it on level 5 of the Pits of Slime)

   [staff of death]

   Base accuracy: +5 Base damage: 5 Base attack delay: 1.2 This weapon's minimum
   attack delay (0.6) is reached at skill level 12.
   Int+4:     It affects your intelligence (+4).
   rF+:       It protects you from fire.
   rN+:       It protects you from negative energy.
   Necro:     It increases the power of your Necromancy spells.
   It falls into the 'Staves' category.
   It is a one-handed weapon.
Jewellery
 c - a ring of protection from fire
 l - a +4 ring of protection
 p - the ring "Bucio" {rF+ rN+ Str+3 Dex-5 Stlth+}
   (You found it on level 3 of the Crypt)

   [ring of positive energy]

   Str+3:     It affects your strength (+3).
   Dex-5:     It affects your dexterity (-5).
   rF+:       It protects you from fire.
   rN+:       It protects you from negative energy.
   Stlth+:    It makes you more stealthy.
 s - the ring of Raog {Fire Int+3}
   (You took it off a minotaur in a Gauntlet)

   [ring of fire]

   Fire:      It enhances your fire magic.
   Int+3:     It affects your intelligence (+3).
   rF+:       It protects you from fire.
   rC-:       It makes you vulnerable to cold.
 v - an amulet of regeneration (around neck)
 C - a +6 ring of intelligence
 E - the ring "Poriat" (right hand) {rElec rN+ Slay+3}
   (You found it on level 3 of the Crypt)

   [ring of positive energy]

   Slay+3:    It affects your accuracy & damage with ranged weapons and melee
   (+3).
   rElec:     It insulates you from electricity.
   rN+:       It protects you from negative energy.
 U - the ring "Feseg" (left hand) {rC++ rN+ Int+6}
   (You found it on level 3 of the Crypt)

   [ring of intelligence]

   Int+6:     It affects your intelligence (+6).
   rC++:      It greatly protects you from cold.
   rN+:       It protects you from negative energy.
 V - the ring "Iwevimin" {rCorr Dex+5}
   (You found it on level 3 of the Elven Halls)

   [ring of resist corrosion]

   Dex+5:     It affects your dexterity (+5).
   rCorr:     It protects you from acid and corrosion.
Talismans
 i - a talisman of death
Wands
 m - a wand of roots (18)
 o - a wand of charming (30)
 P - a wand of digging (14)
 S - a wand of quicksilver (6)
Scrolls
 d - 7 scrolls of teleportation
 e - 9 scrolls of fear
 k - a scroll of immolation
 r - 6 scrolls of poison
 u - a scroll of revelation
 D - a scroll of identify
 O - 2 scrolls of amnesia
 Q - 2 scrolls of silence
 R - 6 scrolls of enchant armour
 T - 2 scrolls of blinking
 X - 5 scrolls of fog
Potions
 h - 5 potions of invisibility
 n - 8 potions of curing
 q - 5 potions of ambrosia
 t - 5 potions of heal wounds
 z - 8 potions of might
 B - 9 potions of mutation
 H - 8 potions of enlightenment
 J - 2 potions of brilliance
 M - 2 potions of cancellation
 W - 3 potions of resistance
Miscellaneous
 j - a tin of tremorstones (2/2)
 y - a lightning rod (4/4)
 L - a phantom mirror
 N - a sack of spiders


   Skills:
 + Level 14.9 Fighting
 - Level 8.0 Axes
 - Level 2.0 Throwing
 - Level 12.0 Armour
 - Level 12.0 Dodging
 - Level 10.0 Stealth
 - Level 12.0 Shields
 - Level 15.0 Spellcasting
 - Level 8.0 Conjurations
 - Level 8.0 Necromancy
 - Level 2.0 Translocations
 - Level 18.0 Fire Magic
 - Level 8.0 Earth Magic
 - Level 12.0 Alchemy
 - Level 8.0 Invocations
 - Level 3.0 Evocations


You had one spell level left.
You knew the following spells:

 Your Spells              Type           Power      Damage    Failure   Level
b - Borgnjor's Vile Clut  Necr/Erth      38%        N/A       2%          5
c - Stone Arrow           Conj/Erth      100%       3d13      1%          3
d - Dispel Undead         Necr           77%        3d25      1%          4
f - Fireball              Conj/Fire      47%        3d19      1%          5
i - Ignition              Fire           54%        3d15      11%         8
n - Eringya's Noxious Bo  Alch           46%        4d6       2%          6
q - Apportation           Tloc           94%        N/A       1%          1
s - Starburst             Conj/Fire      47%        6d13      1%          6
w - Passwall              Erth           77%        N/A       1%          3
B - Blink                 Tloc           94%        N/A       1%          2
T - Irradiate             Conj/Alch      42%        3d25      1%          5
Z - Sublimation of Blood  Necr           77%        N/A       1%          2

Your spell library contained the following spells:

 Spells                   Type           Power      Damage    Failure   Level
 Kiss of Death            Conj/Necr      100%       2d13      1%          1
 Magic Dart               Conj           100%       1d8       1%          1
 Necrotise                Necr           100%       1d9       1%          1
 Sandblast                Erth           100%       2d20      1%          1
 Shock                    Conj/Air       100%       1d9       1%          1
 Sting                    Conj/Alch      100%       1d9       1%          1
 Slow                     Hex            100%       N/A       2%          1
 Summon Small Mammal      Summ           100%       N/A       2%          1
 Cigotuvi's Dreadful Rot  Necr/Alch/Air  100%       N/A       1%          2
 Lesser Beckoning         Tloc           94%        N/A       1%          2
 Mercury Vapours          Alch/Air       100%       N/A       1%          2
 Momentum Strike          Conj/Tloc      100%       3d10      1%          2
 Searing Ray              Conj           100%       2d8       1%          2
 Dazzling Flash           Conj/Hex       100%       N/A       1%          3
 Fugue of the Fallen      Necr           77%        N/A       1%          3
 Inner Flame              Hex/Fire       81%        N/A       1%          3
 Mephitic Cloud           Conj/Alch/Air  71%        N/A       1%          3
 Vampiric Draining        Necr           77%        2d11      1%          3
 Volatile Blastmotes      Fire/Tloc      100%       2d18      1%          3
 Brom's Barrelling Bould  Conj/Erth      77%        2d9       1%          4
 Flame Wave               Conj/Fire      95%        2d20      1%          4
 Fulminant Prism          Conj/Alch      42%        3d19      1%          4
 Ignite Poison            Fire/Alch      100%       N/A       1%          4
 Olgreb's Toxic Radiance  Alch           92%        N/A       1%          4
 Petrify                  Alch/Erth      85%        N/A       1%          4
 Sticky Flame             Fire/Alch      100%       2d15      1%          4
 Summon Blazeheart Golem  Fire/Summ      81%        N/A       1%          4
 Alistair's Intoxication  Alch           61%        N/A       1%          5
 Curse of Agony           Necr           77%        N/A       2%          5
 Iskenderun's Battlesphe  Conj           77%        2d13      2%          5
 Call Imp                 Summ           60%        N/A       3%          2
 Ensorcelled Hibernation  Hex/Ice        60%        N/A       3%          2
 Gell's Gravitas          Tloc           47%        N/A       3%          3
 Teleport Other           Tloc           47%        N/A       3%          3
 Iskenderun's Mystic Bla  Conj/Tloc      64%        2d13      3%          4
 Anguish                  Hex/Necr       29%        N/A       4%          4
 Animate Armour           Summ/Erth      100%       N/A       4%          4
 Martyr's Knell           Necr/Summ      59%        N/A       4%          4
 Yara's Violent Unravell  Hex/Alch       34%        3d14      6%          5
 Call Canine Familiar     Summ           30%        N/A       8%          3
 Confusing Touch          Hex            30%        N/A       8%          3
 Ozocubu's Armour         Ice            30%        N/A       8%          3
 Sigil of Binding         Hex            30%        N/A       8%          3
 Swiftness                Air            30%        N/A       8%          3
 Tukima's Dance           Hex            30%        N/A       8%          3
 Passage of Golubria      Tloc           47%        N/A       11%         4
 Bombard                  Conj/Erth      38%        9d7       14%         6
 Freezing Cloud           Conj/Ice/Air   25%        6-21      24%         5
 Airstrike                Air            15%        2d(3-19)  26%         4
 Cause Fear               Hex            15%        N/A       26%         4
 Sculpt Simulacrum        Ice/Alch       34%        N/A       32%         6
 Summon Forest            Summ/Tloc      19%        N/A       43%         5
 Metabolic Englaciation   Hex/Ice        15%        N/A       56%         5
 Silence                  Hex/Air        15%        N/A       56%         5
 Conjure Ball Lightning   Conj/Air       29%        3x3d8     58%         6
 Orb of Destruction       Conj           38%        9d11      63%         7
 Haunt                    Necr/Summ      29%        N/A       99%         7
 Spellforged Servitor     Conj/Summ      29%        N/A       99%         7
 Borgnjor's Revivificati  Necr           38%        N/A       99%         8
 Infestation              Necr           38%        N/A       99%         8
 Lehudib's Crystal Spear  Conj/Erth      38%        10d10     99%         8
 Summon Hydra             Summ           15%        N/A       100%        7
 Maxwell's Capacitive Co  Air            15%        ∞         100%        8
 Chain Lightning          Conj/Air       29%        3d39      100%        9
 Death's Door             Necr           38%        N/A       100%        9
 Dragon's Call            Summ           15%        N/A       100%        9
 Fire Storm               Conj/Fire      47%        8d12      100%        9
 Shatter                  Erth           38%        3d30*     100%        9


Dungeon Overview and Level Annotations

Branches:
Dungeon (15/15) Zot: 39952  Temple (1/1) D:6 Zot: 8997    Lair (5/5) D:8 Zot: 38500
  Swamp (4/4) Lair:2 Zot: 34599  Spider (4/4) Lair:2 Zot: 34208   Slime (5/5) Lair:5 Zot: 40101
    Orc (2/2) D:9 Zot: 15307     Elf (3/3) Orc:2 Zot: 25748  Vaults (5/5) D:13 Zot: 39034
  Crypt (3/3) Vaults:2 Zot: 25895    Tomb (1/3) Crypt:3 Zot: 8800 Ossuary (visited)
Volcano (visited)         Gauntlet (visited)
 Depths: D:15

Altars:
Ashenzari
Cheibriados
Dithmenos
Elyvilon
Fedhas
Gozag
Hepliaklqana
Kikubaaqudgha
Makhleb
Nemelex Xobeh
Okawaru
Qazlal
Ru
Sif Muna
Trog
Uskayaw
Vehumet
Wu Jian
Xom
Yredelemnul
Zin
The Shining One
Jiyva

Shops:
D:6 *   Orc:2 =!*:   Elf:2 [   Vaults:1 :   Vaults:5 :

Annotations:
D:12 Sonja
Spider:3 Arachne
Elf:3 Roxanne
Vaults:5 Saint Roka


Innate Abilities, Weirdness & Mutations

You regain HP and MP as you explore.
You have large cloven feet.
You have a pair of small horns on your head.
You are resistant to electric shocks. (rElec)
You passively dampen the noise of your surroundings.


Message History

The death scarab is dispelled!!!
You destroy the death scarab!
Cheibriados thoroughly appreciates the change of pace. 2 death scarabs come into view.
A death scarab comes into view.
Found a scroll of silence.
Found a potion of lignification.
The death scarab's many legs skitter faintly. x3
You block the death scarab's attack. x2; The death scarab bites you.
The death scarab's many legs skitter faintly.
Cast which spell? (? or * to list)
You erupt in a fountain of uncontrolled magic!
The death scarab is blasted with magical radiation!!!
You destroy the death scarab!
Cheibriados thoroughly appreciates the change of pace.
The death scarab is blasted with magical radiation!
The death scarab is heavily damaged.
The death scarab is blasted with magical radiation!!
The death scarab is almost destroyed.
You are very lightly contaminated with residual magic.
You block the death scarab's attack. x3
Cast which spell? (? or * to list)
You erupt in a fountain of uncontrolled magic!
The death scarab is blasted with magical radiation!!!
You destroy the death scarab!
Cheibriados thoroughly appreciates the change of pace.
The death scarab is blasted with magical radiation!
The death scarab is heavily damaged.
You are lightly contaminated with residual magic.
You block the death scarab's attack. x2
Cast which spell? (? or * to list)
Aiming: Dispel Undead (mildly dangerous; 1% risk of failure)
Press: ? - help, Shift-Dir - straight line, f - death scarab
Aim: a death scarab (almost destroyed, 100% to hit)
The death scarab is dispelled!!!
You destroy the death scarab!
Cheibriados thoroughly appreciates the change of pace.
The death scarab barely misses you.
Cast which spell? (? or * to list)
Aiming: Dispel Undead (mildly dangerous; 1% risk of failure)
Press: ? - help, Shift-Dir - straight line, f - death scarab
Aim: a death scarab (heavily damaged, 100% to hit)
The death scarab is dispelled!!
You destroy the death scarab!
Cheibriados thoroughly appreciates the change of pace.
Cast which spell? (? or * to list)
Aiming: Apportation (safe; 1% risk of failure)
Press: ? - help, Dir - move target Apport: a wand of roots (4) Yoink!
You pull the item towards yourself.
m - a wand of roots (18) (gained 4 charges)
Found 23 gold pieces.
Found a leather armour.
A mummy comes into view.
A sphinx comes into view.
Cast which spell? (? or * to list)
Aiming: Dispel Undead (mildly dangerous; 1% risk of failure)
Press: ? - help, Shift-Dir - straight line, f - mummy
Aim: a mummy (100% to hit)
The mummy is dispelled!!!
You destroy the mummy!
A sphinx comes into view.
The sphinx shouts!
A harpy skeleton comes into view.
A sphinx comes into view.
Cast which spell? (? or * to list)
You don't know that spell.
Unknown command.
Cast which spell? (? or * to list)
You don't know that spell.
Unknown command.
Cast which spell? (? or * to list)
You don't know that spell.
Unknown command.
Cast which spell? (? or * to list)
Aiming: Stone Arrow (safe; 1% risk of failure)
Press: ? - help, Shift-Dir - straight line, f - harpy skeleton
Aim: a harpy skeleton (98% to hit)
The stone arrow hits the harpy skeleton!!
The harpy skeleton is heavily damaged.
The sphinx shouts!
You block the harpy skeleton's attack. x3; The harpy skeleton claws you.
The sphinx completely misses you. The sphinx hits you but does no damage.
The sphinx barely misses you.
The harpy skeleton claws you but does no damage.
The harpy skeleton closely misses you.
Cast which spell? (? or * to list)
Aiming: Stone Arrow (safe; 1% risk of failure)
Press: ? - help, Shift-Dir - straight line, f - sphinx, p - harpy skeleton
Aim: a sphinx (92% to hit)
The stone arrow hits the sphinx!
The sphinx is lightly wounded.
You block the harpy skeleton's attack. The harpy skeleton misses you.
The sphinx misses you. You block the sphinx's attack.
The sphinx completely misses you. You block the harpy skeleton's attack.
The harpy skeleton claws you but does no damage.
Your magical contamination has completely faded away.
Cast which spell? (? or * to list)
Aiming: Stone Arrow (safe; 1% risk of failure)
Press: ? - help, Shift-Dir - straight line, f/p - sphinx
Aim: a sphinx (lightly wounded, 92% to hit)
The stone arrow hits the sphinx!
The sphinx is moderately wounded.
You block the harpy skeleton's attack. x2; You block the sphinx's attack.
The sphinx hits you but does no damage. x2; The harpy skeleton misses you.
The harpy skeleton claws you.
Cast which spell? (? or * to list)
Aiming: Stone Arrow (safe; 1% risk of failure)
Press: ? - help, Shift-Dir - straight line, f/p - sphinx
Aim: a sphinx (moderately wounded, 92% to hit)
The stone arrow hits the sphinx!!
The sphinx is heavily wounded.
You block the harpy skeleton's attack. x2; The sphinx closely misses you.
You block the sphinx's attack. The sphinx hits you.
The sphinx barely misses you. The sphinx closely misses you.
The sphinx hits you. The harpy skeleton claws you.
The harpy skeleton completely misses you.
The sphinx hits you but does no damage. The sphinx hits you.
The sphinx closely misses you. The harpy skeleton claws you.
The harpy skeleton misses you.
The sphinx casts a spell.
You resist with almost no effort. The sphinx misses you. The sphinx hits you.
The sphinx completely misses you.
Cast which spell? (? or * to list)
You erupt in a fountain of uncontrolled magic!
The sphinx is blasted with magical radiation!!
The sphinx is moderately wounded.
The sphinx twists and deforms.
The sphinx is blasted with magical radiation!!!
You kill the sphinx!
Cheibriados appreciates the change of pace.
The harpy skeleton is blasted with magical radiation!!!
You destroy the harpy skeleton!
Cheibriados thoroughly appreciates the change of pace.
The sphinx is blasted with magical radiation!!!
The sphinx is heavily wounded.
You are very lightly contaminated with residual magic.
You block the sphinx's attack. The sphinx misses you.
You block the sphinx's attack. The sphinx hits you.
You block the sphinx's attack. The sphinx closely misses you.
Cast which spell? (? or * to list)
You erupt in a fountain of uncontrolled magic!
The sphinx is blasted with magical radiation!!!
You kill the sphinx!
Cheibriados appreciates the change of pace.
The sphinx is blasted with magical radiation!!!
You kill the sphinx!
Cheibriados appreciates the change of pace.
You are lightly contaminated with residual magic.
Found a scroll of blinking.
You see here a sphinx corpse. 3 sphinxes and a guardian mummy come into view.
The sphinx shouts!
You hear a shout!
The sphinx shouts!
A sphinx comes into view.
The sphinx mumbles some strange words.
Something smites you!
A sphinx comes into view.
Cast which spell? (? or * to list)
Aiming: Apportation (safe; 1% risk of failure)
Press: ? - help, Dir - move target
Okay, then.
The sphinx shouts!
The sphinx mumbles some strange words.
You resist with almost no effort.
The sphinx mumbles some strange words.
Something smites you!
The sphinx shouts!
You puncture the sphinx! You freeze the sphinx.
The sphinx is lightly wounded.
You block the sphinx's attack. The sphinx misses you.
You block the sphinx's attack. The sphinx closely misses you.
The sphinx hits you but does no damage. You block the sphinx's attack.
The sphinx closely misses you. The sphinx misses you.
The sphinx barely misses you.
Cast which spell? (? or * to list)
You don't know that spell.
Unknown command.
Cast which spell? (? or * to list)
Casting: Ignition (dangerous; 11% risk of failure)
Press: ? - help, Dir - look around, f - activate The air bursts into flame!
The fireball engulfs the sphinx!
The sphinx is lightly wounded.
The fireball engulfs the sphinx!!
The sphinx is moderately wounded.
The fireball engulfs the sphinx!!
The sphinx is moderately wounded.
The fireball engulfs the sphinx!!
The sphinx is moderately wounded.
The fireball engulfs the sphinx!!
The sphinx is moderately wounded.
The fireball engulfs the guardian mummy!!
The guardian mummy is severely damaged.
The fireball engulfs the sphinx!!
The sphinx is severely wounded.
The fireball engulfs the sphinx!!
The sphinx is severely wounded.
The fireball engulfs the sphinx!!
The sphinx is heavily wounded.
The fireball engulfs the sphinx!
The sphinx is moderately wounded.
The fireball engulfs the sphinx!!
The sphinx is almost dead.
The fireball engulfs the sphinx!
The sphinx is heavily wounded.
The fireball engulfs the sphinx!!
The sphinx is severely wounded.
The fireball engulfs the guardian mummy!
The guardian mummy is almost destroyed.
The fireball engulfs the sphinx!!
The sphinx is almost dead.
The fireball engulfs the sphinx!!
You kill the sphinx!
Cheibriados appreciates the change of pace.
The sphinx hits you but does no damage. x2; The sphinx completely misses you.
You block the sphinx's attack. x2; The sphinx misses you.
You block the sphinx's attack. The sphinx hits you but does no damage.
The sphinx barely misses you.
Cast which spell? (? or * to list)
Casting: Ignition (dangerous; 10% risk of failure)
Press: ? - help, Dir - look around, f - activate The air bursts into flame!
The fireball engulfs the sphinx!!
The sphinx is heavily wounded.
The fireball engulfs the sphinx!!
The sphinx is almost dead.
The fireball engulfs the sphinx!!
You kill the sphinx!
Cheibriados thoroughly appreciates the change of pace.
The fireball engulfs the sphinx!!
The sphinx is almost dead.
The fireball engulfs the guardian mummy!!
You destroy the guardian mummy!
The fireball engulfs the sphinx!
You kill the sphinx!
Cheibriados appreciates the change of pace.
The fireball engulfs the sphinx!!!
You kill the sphinx!
Cheibriados appreciates the change of pace.
You feel extremely nervous for a moment...
Your skin prickles.
Training target 18.0 for Fire Magic reached!
Your Fire Magic skill increases to level 18!
You need to enable at least one skill for training.
Cast which spell? (? or * to list)
Aiming: Stone Arrow (safe; 1% risk of failure)
Press: ? - help, Shift-Dir - straight line, f - sphinx
Aim: a sphinx (heavily wounded, 92% to hit)
The stone arrow hits the sphinx!
The sphinx is severely wounded.
You block the sphinx's attack. x3
Cast which spell? (? or * to list)
Aiming: Stone Arrow (safe; 1% risk of failure)
Press: ? - help, Shift-Dir - straight line, f/p - sphinx
Aim: a sphinx (severely wounded, 92% to hit)
The stone arrow hits the sphinx!!
The sphinx is almost dead.
An ancient champion comes into view. It is wielding a +1 great mace.
You block the sphinx's attack. The sphinx hits you but does no damage.
You block the sphinx's attack.
Cast which spell? (? or * to list)
Aiming: Stone Arrow (safe; 1% risk of failure)
Press: ? - help, Shift-Dir - straight line, f/p - sphinx
Aim: a sphinx (almost dead, 92% to hit)
The stone arrow hits the sphinx!!
You kill the sphinx!
Cheibriados appreciates the change of pace.
Cast which spell? (? or * to list)
Aiming: Apportation (safe; 1% risk of failure)
Press: ? - help, Dir - move target Apport: a scroll of blinking Yoink!
You pull the item towards yourself.
T - 2 scrolls of blinking (gained 1) Cast which spell? (? or * to list)
Aiming: Dispel Undead (mildly dangerous; 1% risk of failure)
Press: ? - help, Shift-Dir - straight line, f - ancient champion
Aim: an ancient champion, wielding a +1 great mace and wearing a +0 plate armour (100% to hit)
The ancient champion is dispelled!!
You block the ancient champion's attack.
Cast which spell? (? or * to list)
Aiming: Dispel Undead (mildly dangerous; 1% risk of failure)
Press: ? - help, Shift-Dir - straight line, f/p - ancient champion
Aim: an ancient champion, wielding a +1 great mace and wearing a +0 plate armour (heavily damaged, 100% to hit)
The ancient champion is dispelled!!
The ancient champion hits you with a +1 great mace!!
Cast which spell? (? or * to list)
Aiming: Dispel Undead (mildly dangerous; 1% risk of failure)
Press: ? - help, Shift-Dir - straight line, f/p - ancient champion
Aim: an ancient champion, wielding a +1 great mace and wearing a +0 plate armour (severely damaged, 100% to hit)
The ancient champion is dispelled!!!
You destroy the ancient champion!
Cheibriados appreciates the change of pace.
Cast which spell? (? or * to list)
You draw magical energy from your own body!
An ancient champion comes into view.
It is wielding a +1 great mace of draining.
Cast which spell? (? or * to list)
Aiming: Dispel Undead (mildly dangerous; 1% risk of failure)
Press: ? - help, Shift-Dir - straight line, f - ancient champion
Aim: an ancient champion, wielding a +1 great mace of draining and wearing a +0 chain mail (100% to hit)
The ancient champion is dispelled!!
The ancient champion hits you with a +1 great mace of draining!!
Cast which spell? (? or * to list)
Aiming: Dispel Undead (mildly dangerous; 1% risk of failure)
Press: ? - help, Shift-Dir - straight line, f/p - ancient champion
Aim: an ancient champion, wielding a +1 great mace of draining and wearing a +0 chain mail (moderately damaged, 100% to hit)
The ancient champion is dispelled!!
The ancient champion gestures wildly while chanting.
The ancient champion seems to speed up.
Cast which spell? (? or * to list)
Aiming: Dispel Undead (mildly dangerous; 1% risk of failure)
Press: ? - help, Shift-Dir - straight line, f/p - ancient champion
Aim: an ancient champion, wielding a +1 great mace of draining and wearing a +0 chain mail (severely damaged, fast, 100% to hit)
The ancient champion is dispelled!!!
You destroy the ancient champion!
Cheibriados appreciates the change of pace.
Your magical contamination has completely faded away.
You open the huge gate.
A mummy priest and 2 mummies come into view.
Found a scroll of identify.
There is a huge open gate here.
The helpless mummy fails to defend itself.
You perforate the mummy like a sieve!!! You freeze the mummy.
You destroy the mummy!
As you read the scroll of revelation, it crumbles to dust.
You feel aware of your surroundings.
Found a wand of roots (4).
Found a one-way staircase leading down.
A dire elephant skeleton comes into view.
The mummy priest prays to its god.
Cast which spell? (? or * to list)
Casting: Ignition (dangerous; 10% risk of failure)
Press: ? - help, Dir - look around, f - activate The air bursts into flame!
The fireball engulfs the six-headed hydra zombie!!
The six-headed hydra zombie is moderately damaged.
The fireball engulfs the ettin simulacrum!
The ettin simulacrum melts!
The ettin simulacrum is moderately damaged.
The fireball engulfs the freezing wraith!!
The freezing wraith is burned terribly!
The freezing wraith is severely damaged.
The fireball engulfs the wraith!!
The wraith is almost destroyed.
The fireball engulfs the mummy!!!
The mummy is burned terribly!
You destroy the mummy!
The fireball engulfs the mummy priest!!
The mummy priest is heavily damaged.
The fireball engulfs the dire elephant skeleton!
The dire elephant skeleton is lightly damaged.
The fireball engulfs the dire elephant skeleton!!
The dire elephant skeleton is heavily damaged.
The fireball engulfs the ettin simulacrum!!!
The ettin simulacrum melts!
The ettin simulacrum vaporises!
You hear a sizzling sound!
The fireball engulfs the six-headed hydra zombie!!
The six-headed hydra zombie is heavily damaged.
The fireball engulfs the mummy priest!!
The mummy priest is almost destroyed.
The fireball engulfs the wraith!
You destroy the wraith!
The wraith disappears in a puff of smoke!
The fireball engulfs the mummy priest!
You destroy the mummy priest!
The six-headed hydra zombie disappears in a puff of smoke!
The freezing wraith disappears in a puff of smoke!
You feel extremely nervous for a moment...
You are engulfed in negative energy!
You feel dopey.
A royal mummy comes into view.
A revenant comes into view.
The dire elephant skeleton tramples you but does no damage.
The royal mummy casts a spell at you. Something smites you!
Cast which spell? (? or * to list)
Aiming: Dispel Undead (mildly dangerous; 1% risk of failure)
Press: ? - help, Shift-Dir - straight line, f - dire elephant skeleton
Aim: a dire elephant skeleton (heavily damaged, 100% to hit)
Okay, then.
The revenant shouts!
You puncture the dire elephant skeleton!
You headbutt the dire elephant skeleton!
The dire elephant skeleton is severely damaged.
The royal mummy calls on the powers of darkness!
Your body is wracked with pain!
A mummy opens the door.
You block the dire elephant skeleton's attack.
A mummy priest comes into view.
Cast which spell? (? or * to list)
Casting: Ignition (dangerous; 11% risk of failure)
Press: ? - help, Dir - look around, f - activate The air bursts into flame!
The fireball engulfs the royal mummy!
The royal mummy is lightly damaged.
The fireball engulfs the mummy!!
The mummy is burned terribly!
You destroy the mummy!
The fireball engulfs the mummy priest!!
The mummy priest is heavily damaged.
The fireball engulfs the royal mummy!!
The royal mummy is lightly damaged.
The fireball engulfs the revenant!!
The revenant is heavily damaged.
The fireball engulfs the dire elephant skeleton!!
The dire elephant skeleton is almost destroyed.
You feel a bit more experienced.
The fireball engulfs the royal mummy!!
The royal mummy is lightly damaged.
The royal mummy gestures wildly while chanting.
The mummy priest mumbles some strange prayers to its god.
You block the dire elephant skeleton's attack.
The mummy drops a net on you.
You become entangled in the net!
A mummy comes into view.
Cast which spell? (? or * to list)
Casting: Ignition (dangerous; 11% risk of failure)
Press: ? - help, Dir - look around, f - activate The air bursts into flame!
The fireball engulfs the death scarab!
The death scarab is moderately damaged.
The fireball engulfs the death scarab!!
The death scarab is severely damaged.
The fireball engulfs the phantasmal warrior!
The phantasmal warrior is lightly damaged.
The fireball engulfs the flayed ghost!!
The flayed ghost is heavily damaged.
The fireball engulfs the royal mummy!!
The royal mummy is moderately damaged.
The fireball engulfs the mummy!!
The mummy is burned terribly!
You destroy the mummy!
The fireball engulfs the mummy priest!
The mummy priest is severely damaged.
The fireball engulfs the royal mummy!
The royal mummy is lightly damaged.
The fireball engulfs the revenant!
The revenant is heavily damaged.
The fireball engulfs the dire elephant skeleton!!
You destroy the dire elephant skeleton!
The fireball engulfs the death scarab!!
You destroy the death scarab!
The death scarab's corpse disappears in a puff of smoke!
The fireball engulfs the death scarab!!
You destroy the death scarab!
The death scarab's corpse disappears in a puff of smoke!
The fireball engulfs the flayed ghost!!
The flayed ghost is almost destroyed.
The fireball engulfs the flayed ghost!!
You destroy the flayed ghost!
The flayed ghost disappears in a puff of smoke!
You feel a bit more experienced. x2
You feel extremely nervous for a moment...
You feel horribly lethargic.
You feel yourself slow down.
The royal mummy gestures at you while chanting.
Something smites you!
You struggle against the net.
The royal mummy calls on the powers of darkness!
Your body is wracked with pain!
* * * LOW HITPOINT WARNING * * *
The royal mummy gestures wildly while chanting.
A mummy priest comes into view.
The royal mummy mumbles some strange words.
A royal mummy comes into view.
You struggle against the net.
The death scarab's many legs skitter faintly.
The death scarab closely misses you.
The death scarab bites you but does no damage.
The royal mummy gestures wildly while chanting.
You hear a faint skittering sound.
You struggle against the net.
The death scarab bites you!
* * * LOW HITPOINT WARNING * * *
The death scarab drains your vigour!
You feel as though you will be slow longer.
The death scarab bites you but does no damage.
The royal mummy gestures wildly while chanting.
The revenant hits you but does no damage.
The royal mummy casts a spell.
The royal mummy gestures at you while chanting.
Something smites you!
* * * LOW HITPOINT WARNING * * *
The death scarab bites you!!
* * * LOW HITPOINT WARNING * * *
The death scarab drains your vigour!
You feel as though you will be slow longer.
The death scarab closely misses you.
The mummy priest mumbles some strange prayers to its god.
The emperor scorpion barely misses you.
The emperor scorpion closely misses you.
The emperor scorpion claws you but does no damage.
The royal mummy mumbles some strange words.
The revenant hits you.
* * * LOW HITPOINT WARNING * * *
You hear a faint skittering sound.
You struggle against the net.
The death scarab closely misses you. The death scarab barely misses you.
The emperor scorpion barely misses you. The emperor scorpion claws you.
* * * LOW HITPOINT WARNING * * *
The emperor scorpion barely misses you.
The royal mummy gestures wildly while chanting.
The revenant barely misses you.
The death scarab bites you but does no damage.
The death scarab bites you!
* * * LOW HITPOINT WARNING * * *
The emperor scorpion stings you!
* * * LOW HITPOINT WARNING * * *
You are lethally poisoned!
The emperor scorpion poisons you! The emperor scorpion claws you.
* * * LOW HITPOINT WARNING * * *
The emperor scorpion claws you but does no damage.
You hear a faint skittering sound. x2
You rip the net and break free!
You die...

,,,,*,/##.8)..8.##>.#9,,,,,,**,,*
,,,*,,.##.......##...#,,,,,**,,,*
,,*,,,###.......###...*,,,**,,,,*
**,,,*###.8...8.####..,****,,,,,*
,,,,**###.......#####.,,,,,,,*,,*
,,,** ####'''''#######,^^,,,**,,*
******###...?...########******,^*
,,,,,,........B.B.......,,,,,*,^*
*****..........B@BB.###****,,*,^*
,,,**..........szBB.##,,,**,,*,,*
,,,,*...^.......M.MB#M^,,,*,,*,,*
,*,,*..............W's^*,>*,^*,^*
,^,,*,..........M...#MsB,,*,,*,,*
,,,**,,..#######....##B.,**,,*,,*
*****,,,,**,,,*#W...#**#***,,*,,*
,,,,,,,,,*,,,,,#...^.,,,,,,,,*,,*
,,,,,,,,,*,,*,,*,,,,^,,,,,,,,*,,*


You could see 3 royal mummies, 3 emperor scorpions, a revenant, a mummy priest,
a shadow wraith (summoned, invisible), a phantasmal warrior (summoned) and 10
death scarabs.

Vanquished Creatures
  the Royal Jelly (Slime:5)
  2 dread liches
  A royal mummy (Crypt:3)
  Boris (Crypt:1)
  Bai Suzhen (Vaults:5)
  the Lernaean hydra (Swamp:4)
  2 tentacled monstrosities (Vaults:5)
  Jorgrun (D:12)
  Zenata (Vaults:1)
  6 titans (Vaults:5)
  A deep elf blademaster (Elf:3)
  A deep elf master archer (Elf:3)
  3 quicksilver dragons (Vaults:5)
  10 sphinxes
  10 acid blobs
  2 shadow dragons (Vaults:5)
  3 ancient champions
  A storm dragon (Vaults:5)
  Aizul (Elf:3)
  2 tengu reavers (Vaults:5)
  10 rockslimes
  14 azure jellies
  A revenant (Crypt:3)
  3 emperor scorpions
  3 fire giants
  2 deep elf sorcerers
  12 vault wardens
  2 ghost moths (Spider:4)
  2 deep elf elementalists (Elf:3)
  5 quicksilver oozes
  5 ironbound thunderhulks
  A broodmother (Spider:4)
  A formless jellyfish (Vaults:3)
  An orc warlord (Orc:2)
  7 ironbound preservers
  2 very ugly things
  5 stone giants (Vaults:5)
  5 eleionomae
  6 deep elf death magi
  6 deep elf demonologists (Elf:3)
  A minotaur (Gauntlet)
  A spark wasp (Spider:2)
  8 deep elf annihilators
  6 dire elephants
  4 bunyips
  4 war gargoyles (Vaults:5)
  9 ettins
  6 mummy priests
  7 yaktaur captains
  An eidolon (Crypt:3)
  A fire dragon (Volcano)
  4 entropy weavers
  A shambling mangrove (Swamp:2)
  An entropy weaver (shapeshifter) (D:14)
  3 great orbs of eyes
  6 deep elf high priests
  Erolcha (Orc:1)
  A rakshasa (D:15)
  An ice dragon (D:13)
  6 ironbound frosthearts
  A peacekeeper (Vaults:3)
  4 jorogumos
  29 vault guards
  27 hydras
  6 two-headed ogres
  9 alligators
  11 centaur warriors
  A fenstrider witch skeleton (Crypt:3)
  3 death knights
  2 ogre magi
  A tengu warrior (D:8)
  10 dancing weapons
  3 radroaches
  16 death scarabs
  9 boulder beetles
  A vampire mage (Crypt:2)
  2 hell hogs (Volcano)
  8 death yaks (Lair:5)
  4 demonic crawlers
  A thrashing horror (Gauntlet)
  8 orc high priests
  A shock serpent (shapeshifter) (Vaults:5)
  A soul eater (Crypt:2)
  2 hell knights (Vaults:5)
  4 fire crabs (Volcano)
  A death drake (Swamp:2)
  2 deep elf knights
  3 goliath frogs
  A spectral anaconda (Lair:5)
  8 pharaoh ants
  3 shadow wraiths
  A flayed ghost (Crypt:3)
  A sea snake (shapeshifter) (Elf:3)
  9 swamp dragons (Swamp:4)
  7 deep trolls
  3 orb spiders (Spider:4)
  9 ironbound convokers
  An obsidian statue (Lair:5)
  5 lindwurms
  2 spectral wolf spiders (Spider:4)
  10 bog bodies
  3 spriggan druids
  2 glowing orange brains
  2 sun moths
  7 deep elf archers
  A spectral jorogumo (Spider:4)
  Pikel (D:8)
  An arcanist (Vaults:3)
  6 harpies
  4 steelbarb worms
  4 phantasmal warriors
  A broodmother zombie (Spider:4)
  5 necromancers
  10 deep elf zephyrmancers
  9 deep elf pyromancers
  6 orc knights
  An oklob plant (Lair:5)
  2 shining eyes (Slime:2)
  6 orc sorcerers
  2 will-o-the-wisps (Swamp:3)
  3 cyclopes (D:13)
  3 manticores
  9 wolf spiders
  6 ugly things
  4 moths of wrath
  5 kobold blastminers
  9 meliai
  8 elephants (Lair:5)
  A stone giant skeleton (Crypt:2)
  5 torpor snails
  3 black mambas
  An eye of devastation (shapeshifter) (Elf:3)
  2 vault sentinels
  2 dire elephant skeletons
  10 cane toads
  A kobold demonologist (D:11)
  An eye of devastation (Slime:2)
  4 rime drakes
  A gargoyle (D:12)
  11 komodo dragons
  A spectral redback (Spider:4)
  15 yaktaurs
  An efreet (Gauntlet)
  A redback zombie (Spider:4)
  A freezing wraith (Vaults:5)
  28 guardian mummies
  11 hornets
  5 polar bears
  A bloated husk (Swamp:2)
  A merfolk (shapeshifter) (Vaults:4)
  7 tyrant leeches
  21 tarantellas
  A spectral culicivora (Spider:4)
  5 trolls
  3 tarantella zombies (Spider:4)
  A harpy skeleton (Tomb:1)
  4 spectral tarantellas (Spider:4)
  A spectral jumping spider (Spider:4)
  10 blink frogs
  4 glass eyes
  A jumping spider zombie (Spider:4)
  20 jumping spiders
  56 slime creatures
  15 culicivoras
  An air elemental (Elf:3)
  6 ushabtiu (Crypt:3)
  3 wyverns
  3 wraiths
  43 yaks
  16 spriggans
  4 fire elementals
  Eustachio (D:5)
  9 wargs
  17 fire bats (Volcano)
  A redback (shapeshifter) (Vaults:5)
  4 steam dragons
  4 basilisks
  33 redbacks
  9 vampire mosquitoes
  A neqoxec (Gauntlet)
  A chaos spawn (Gauntlet)
  7 small abominations (Gauntlet)
  16 swamp worms
  2 acid dragons
  7 hell hounds
  A merfolk zombie (Crypt:2)
  10 swamp drakes
  2 ice beasts
  48 orc warriors
  11 water moccasins
  3 sky beasts
  3 black bears
  An elephant zombie (Lair:5)
  23 laughing skulls
  13 ogres
  3 boggarts (Vaults:1)
  23 wolves
  2 lemures
  5 centaurs
  6 phantoms (D:8)
  A yaktaur zombie (Crypt:2)
  3 kobold brigands
  10 bullfrogs
  An earth elemental (Elf:3)
  14 scorpions
  18 wights
  An elephant simulacrum (Lair:5)
  A shapeshifter skeleton (Crypt:3)
  7 howler monkeys
  5 centaur zombies
  A human zombie (Ossuary)
  4 jellies
  28 orc priests
  A bombardier beetle (D:6)
  6 hounds
  2 gnoll boudas (D:5)
  5 sleepcaps
  A black bear skeleton (Crypt:3)
  2 iguanas
  Ijyb (D:3)
  23 orc wizards
  8 scorpion zombies
  5 killer bee zombies (D:8)
  A brain worm zombie (Crypt:2)
  18 mummies
  14 gnolls (D:5)
  5 adders
  2 swamp drake skeletons
  6 shadow imps (D:8)
  2 white imps
  2 adder zombies (Ossuary)
  4 dart slugs
  3 ribbon worms
  120 orcs
  3 ball pythons (D:2)
  3 bats
  4 endoplasms
  2 giant cockroaches
  A gnoll zombie (Ossuary)
  6 goblins
  9 hobgoblins
  12 jackals
  3 quokkas
  4 ball python zombies (Ossuary)
  2 frilled lizards
  14 kobolds
  5 orc zombies (Ossuary)
  2 rats
  A rat zombie (Crypt:2)
1560 creatures vanquished.

Vanquished Creatures (collateral kills)
  A swamp dragon (Swamp:4)
  A hornet (Swamp:4)
  A gnoll sergeant (D:8)
  A sleepcap (D:8)
4 creatures vanquished.

Vanquished Creatures (others)
  A swamp dragon (Swamp:4)
  4 foxfires (Swamp:3)
5 creatures vanquished.

Grand Total: 1569 creatures vanquished

Notes
Turn   | Place    | Note
-------+----------+-------------------------------------------
     0 | D:1      | jagoly the Human Earth Elementalist began the quest for the
                  | Orb.
     0 | D:1      | Reached XP level 1. HP: 13/13 MP: 3/3
   146 | D:2      | Reached XP level 2. HP: 20/20 MP: 1/5
   275 | D:3      | Reached XP level 3. HP: 25/25 MP: 4/6
   313 | D:3      | Identified the +10 rapier "Doedij" {freeze, rC+ rCorr}
   356 | D:3      | Reached skill level 1 in Fighting
   424 | D:3      | Noticed Ijyb
   439 | D:3      | Killed Ijyb
   440 | D:3      | Reached XP level 4. HP: 25/32 MP: 5/7
   620 | D:3      | Learned a level 3 spell: Passwall
   624 | D:3      | Learned a level 3 spell: Stone Arrow
   833 | D:5      | Entered Level 5 of the Dungeon
   919 | D:5      | Reached XP level 5. HP: 34/38 MP: 2/8
   951 | D:5      | Noticed a water moccasin
   968 | D:5      | Killed a water moccasin
  1111 | D:5      | Found a sand-covered staircase.
  1112 | D:5      | Found an iron altar of Okawaru.
  1128 | Ossuary  | Entered an ossuary
  1159 | Ossuary  | Reached XP level 6. HP: 41/44 MP: 6/9
  1207 | Ossuary  | Reached skill level 5 in Earth Magic
  1207 | Ossuary  | Reached XP level 7. HP: 39/51 MP: 5/10
  1397 | Ossuary  | Reached XP level 8. HP: 58/58 MP: 0/11
  1508 | D:5      | Found the +0 toga "Victory" {*Victory Clar}
  1537 | D:6      | Found a staircase to the Ecumenical Temple.
  1545 | Temple   | Entered the Ecumenical Temple
  1606 | D:6      | Found Jukuh's General Store.
  1681 | D:7      | You fall into a shaft and drop 3 floors!
  1681 | D:10     | Entered Level 10 of the Dungeon
  1751 | D:10     | Reached skill level 5 in Fighting
  1843 | D:9      | Found a hide-covered altar of Uskayaw.
  1843 | D:9      | Found a glowing silver altar of Zin.
  1913 | D:9      | Reached XP level 9. HP: 68/68 MP: 2/12
  2066 | D:8      | Reached skill level 1 in Alchemy
  2173 | D:8      | Noticed a tengu warrior
  2232 | D:8      | Learned a level 4 spell: Olgreb's Toxic Radiance
  2246 | D:8      | Found a staircase to the Lair.
  2308 | D:7      | Reached skill level 5 in Alchemy
  2352 | D:7      | Noticed Pikel
  2488 | D:8      | Reached XP level 10. HP: 74/74 MP: 2/16
  2622 | D:8      | Got Sif Muna's Precepts of the Gang and Synthesis
  2736 | D:8      | Reached skill level 5 in Stealth
  2750 | D:8      | Killed Pikel
  2751 | D:8      | Reached skill level 5 in Dodging
  2898 | D:6      | Found a glowing golden altar of the Shining One.
  2915 | D:6      | Learned a level 4 spell: Ignite Poison
  3034 | D:6      | Bought a scroll of amnesia for 56 gold pieces
  3034 | D:6      | Bought a scroll of teleportation for 42 gold pieces
  3317 | D:5      | Noticed Eustachio
  3332 | D:5      | Killed Eustachio
  3504 | D:5      | Reached XP level 11. HP: 84/84 MP: 10/17
  4302 | D:5      | Reached skill level 1 in Fire Magic
  4398 | D:5      | Found a blossoming altar of Fedhas.
  4541 | D:7      | Reached skill level 2 in Fire Magic
  4756 | D:8      | Reached skill level 5 in Conjurations
  4792 | D:8      | Killed a tengu warrior
  4913 | D:9      | Noticed a two-headed ogre
  4920 | D:9      | Killed a two-headed ogre
  4964 | D:9      | Found a sparkling altar of Nemelex Xobeh.
  4972 | D:9      | Found a white marble altar of Elyvilon.
  4976 | D:9      | Found a broken altar of Ashenzari.
  4979 | D:9      | Found a sacrificial altar of Ru.
  4984 | D:9      | Found a snail-covered altar of Cheibriados.
  4988 | D:9      | Became a worshipper of Cheibriados the Contemplative
  4994 | D:9      | Found a shimmering blue altar of Sif Muna.
  4999 | D:9      | Found a bloodstained altar of Trog.
  5284 | D:9      | Found the +7 staff of the Meek {protect, meekguard}
  5290 | D:9      | Reached * piety under Cheibriados
  5302 | D:9      | Found a staircase to the Orcish Mines.
  5307 | Orc:1    | Entered Level 1 of the Orcish Mines
  5308 | Orc:1    | Noticed Erolcha
  5317 | Orc:1    | Killed Erolcha
  5322 | Orc:1    | Noticed an orc warlord
  5328 | Orc:1    | Reached skill level 5 in Spellcasting
  5409 | D:9      | Reached skill level 1 in Throwing
  5418 | D:9      | Learned a level 5 spell: Irradiate
  5737 | Orc:1    | Noticed an ettin
  5741 | Orc:1    | Killed an ettin
  5741 | Orc:1    | Reached ** piety under Cheibriados
  5835 | Orc:2    | Entered Level 2 of the Orcish Mines
  5842 | Orc:2    | Learned a level 2 spell: Sublimation of Blood
  5876 | Orc:2    | Reached XP level 12. HP: 81/92 MP: 12/21
  5929 | Orc:1    | Reached *** piety under Cheibriados
  6096 | Orc:2    | Noticed a two-headed ogre
  6100 | Orc:2    | Killed a two-headed ogre
  6136 | Orc:2    | Noticed a two-headed ogre
  6140 | Orc:2    | Killed a two-headed ogre
  6177 | Orc:2    | Reached **** piety under Cheibriados
  6346 | Orc:2    | Found a staircase to the Elven Halls.
  6557 | Orc:2    | Reached ***** piety under Cheibriados
  6572 | Orc:2    | Noticed an orc warlord
  6578 | Orc:2    | Killed an orc warlord
  6608 | Orc:2    | Noticed an orc high priest
  6613 | Orc:2    | Killed an orc high priest
  6650 | Orc:2    | Noticed an orc high priest
  6655 | Orc:2    | Killed an orc high priest
  6656 | Orc:2    | Reached XP level 13. HP: 101/101 MP: 16/25
  6687 | Orc:2    | Found Vighegh's Book Boutique.
  6732 | Orc:2    | Found Cull's General Store.
  6740 | Orc:2    | Reached skill level 10 in Fighting
  6740 | Orc:2    | Reached skill level 1 in Invocations
  6836 | Orc:2    | Found Atynangucaj's Distillery.
  6857 | Orc:2    | Found Fimut's Jewellery Emporium.
  6868 | Orc:2    | Reached skill level 5 in Invocations
  6877 | Orc:2    | Noticed an ettin
  6881 | Orc:2    | Killed an ettin
  6919 | Orc:2    | Reached ****** piety under Cheibriados
  7006 | Orc:2    | Bought a potion of invisibility for 136 gold pieces
  7006 | Orc:2    | Bought a potion of heal wounds for 85 gold pieces
  7006 | Orc:2    | Bought a potion of ambrosia for 136 gold pieces
  7006 | Orc:2    | Bought a potion of brilliance for 68 gold pieces
  7068 | Orc:2    | Bought Great Wizards, Vol. II for 608 gold pieces
  7068 | Orc:2    | Bought a book of Cantrips for 256 gold pieces
  7070 | Orc:2    | Learned a level 1 spell: Apportation
  7227 | Lair:1   | Entered Level 1 of the Lair of Beasts
  7536 | Lair:2   | Found a staircase to the Swamp.
  7759 | Lair:3   | Reached XP level 14. HP: 108/110 MP: 18/27
  7909 | Lair:3   | Reached skill level 10 in Alchemy
  7916 | Lair:3   | Learned a level 6 spell: Eringya's Noxious Bog
  8037 | Lair:2   | Reached skill level 10 in Spellcasting
  8063 | Lair:5   | Entered Level 5 of the Lair of Beasts
  8067 | Lair:5   | Reached skill level 1 in Translocations
  8338 | Lair:5   | Reached skill level 1 in Armour
  8405 | Lair:5   | Reached skill level 5 in Armour
  8470 | Lair:5   | Found a dark tunnel.
  8486 | Volcano  | Entered a volcano
  8493 | Volcano  | Found a large runed translucent door.
  8497 | Volcano  | Found a large runed translucent door.
  8519 | Volcano  | Found a large runed translucent door.
  8520 | Volcano  | Found a large runed translucent door.
  8537 | Volcano  | Found a large runed translucent door.
  8537 | Volcano  | Found a large runed translucent door.
  8557 | Volcano  | Found a large runed translucent door.
  8558 | Volcano  | Found a large runed translucent door.
  8572 | Volcano  | Reached XP level 15. HP: 109/115 MP: 24/29
  8579 | Volcano  | Found a large runed translucent door.
  8579 | Volcano  | Found a large runed translucent door.
  8617 | Volcano  | Found a large runed translucent door.
  8617 | Volcano  | Found a large runed translucent door.
  8632 | Volcano  | Found a large runed translucent door.
  8632 | Volcano  | Found a large runed translucent door.
  8649 | Volcano  | Found a large runed translucent door.
  8649 | Volcano  | Found a large runed translucent door.
  8669 | Volcano  | Found a large runed translucent door.
  8669 | Volcano  | Found a large runed translucent door.
  8691 | Lair:5   | Learned a level 5 spell: Borgnjor's Vile Clutch
  9029 | Lair:5   | Gained mutation: Your spells are a little easier to cast,
                  | but a little less powerful. [mutagenic glow]
  9038 | Lair:5   | Got an earthy gem with 1227 turns to spare
  9121 | Lair:2   | Found a hole to the Spider Nest.
  9139 | Spider:1 | Entered Level 1 of the Spider Nest
  9248 | Spider:2 | Identified a scroll of acquirement
  9249 | Spider:2 | Acquired the +1 pair of boots "Paken" {Will+}
  9300 | Spider:3 | Reached skill level 10 in Stealth
  9369 | Spider:3 | Noticed an emperor scorpion
  9374 | Spider:3 | Killed an emperor scorpion
  9378 | Spider:3 | Learned a level 2 spell: Blink
  9414 | Spider:3 | Reached XP level 16. HP: 70/125 MP: 13/31
  9437 | Spider:3 | Noticed Arachne
  9520 | Spider:4 | Entered Level 4 of the Spider Nest
  9563 | Spider:4 | Reached skill level 10 in Armour
  9566 | Spider:4 | Reached skill level 10 in Dodging
  9607 | Spider:4 | Reached skill level 1 in Axes
  9770 | Spider:4 | Reached skill level 5 in Necromancy
  9833 | Spider:4 | Reached skill level 5 in Axes
  9894 | Spider:4 | Identified the +0 pair of gloves "Cuat" {rElec rCorr Dex+4}
  9901 | Spider:4 | Got a gossamer rune of Zot
  9919 | Spider:4 | Got a milky-white gem with 1231 turns to spare
  9999 | Spider:4 | Reached XP level 17. HP: 129/132 MP: 10/32
 10153 | Spider:1 | You fall into a shaft and drop 1 floor!
 10346 | Swamp:1  | Entered Level 1 of the Swamp
 10410 | Swamp:2  | Learned a level 4 spell: Flame Wave
 10421 | Swamp:2  | Reached skill level 3 in Fire Magic
 10423 | Swamp:2  | Reached skill level 4 in Fire Magic
 10492 | Swamp:2  | Reached skill level 1 in Shields
 10627 | Swamp:3  | Reached skill level 5 in Shields
 10686 | Swamp:4  | Entered Level 4 of the Swamp
 10765 | Swamp:4  | Reached skill level 5 in Fire Magic
 10833 | Swamp:4  | Reached skill level 6 in Fire Magic
 10851 | Swamp:4  | Reached skill level 7 in Fire Magic
 10888 | Swamp:4  | Noticed the 27-headed Lernaean hydra
 10898 | Swamp:4  | Reached skill level 8 in Fire Magic
 10900 | Swamp:4  | Reached XP level 18. HP: 98/140 MP: 21/33
 10900 | Swamp:4  | Killed the 27-headed Lernaean hydra
 10962 | Swamp:4  | Got a decaying rune of Zot
 10962 | Swamp:4  | Got a mossy gem with 906 turns to spare
 11380 | Lair:5   | Found a staircase to the Slime Pits.
 11380 | Lair:5   | Found a viscous altar of Jiyva.
 11390 | Slime:1  | Entered Level 1 of the Pits of Slime
 11424 | Slime:2  | Gained mutation: You occasionally shout uncontrollably at
                  | your foes. [a shining eye]
 11425 | Slime:2  | Gained mutation: You occasionally lose the ability to read
                  | scrolls when taking damage. [a shining eye]
 11429 | Slime:2  | Gained mutation: Armour fits poorly on your strangely
                  | shaped body. [a shining eye]
 11454 | Slime:2  | Lost mutation: You occasionally lose the ability to read
                  | scrolls when taking damage. [potion of mutation]
 11454 | Slime:2  | Lost mutation: You occasionally shout uncontrollably at
                  | your foes. [potion of mutation]
 11454 | Slime:2  | Gained mutation: You are partially covered in iridescent
                  | scales. (AC +2) [potion of mutation]
 11496 | Slime:5  | Entered Level 5 of the Pits of Slime
 11554 | Slime:5  | Noticed the Royal Jelly
 11568 | Slime:5  | Killed the Royal Jelly
 11612 | Slime:5  | Identified the +1 pair of gloves "Lukesm" {rElec rN+ Will++
                  | Stlth+}
 11626 | Slime:5  | Identified the staff of the Nexus {rF+ rN+ Int+4 Necro}
 11662 | Slime:5  | Gained mutation: You are dopey. (Int -2) [mutagenic glow]
 11667 | Slime:5  | Got a slimy rune of Zot
 11667 | Slime:5  | Got a starry gem with 190 turns to spare
 11669 | Slime:5  | Gained mutation: You are weak. (Str -2) [mutagenic glow]
 11741 | Slime:1  | Lost mutation: Your spells are a little easier to cast, but
                  | a little less powerful. [potion of mutation]
 11741 | Slime:1  | Lost mutation: You are dopey. (Int -2) [potion of mutation]
 11741 | Slime:1  | Lost mutation: You are partially covered in iridescent
                  | scales. (AC +2) [potion of mutation]
 11741 | Slime:1  | Gained mutation: You are robust. (+10% HP) [potion of
                  | mutation]
 11741 | Slime:1  | Gained mutation: You expend magic power (3 MP) to
                  | strengthen your wands. [potion of mutation]
 12078 | Orc:2    | Bought a book of Power for 672 gold pieces
 12137 | Elf:1    | Entered Level 1 of the Elven Halls
 12222 | Elf:2    | Found Sotilel's Armour Boutique.
 12232 | Elf:2    | Reached XP level 19. HP: 165/165 MP: 20/35
 12243 | Elf:2    | Bought a +2 kite shield of protection for 344 gold pieces
 12275 | Elf:3    | Entered Level 3 of the Elven Halls
 12308 | Elf:3    | Identified the granite talisman of the Oni {rC+ Dex-2
                  | Slay+3}
 12308 | Elf:3    | Noticed Roxanne
 12336 | Elf:3    | Identified the serpent talisman of Peek-a-Boo {Stlth+}
 12336 | Elf:3    | Noticed Aizul
 12347 | Elf:3    | Killed Aizul
 12453 | Elf:3    | Learned a level 5 spell: Fireball
 12546 | Elf:3    | Identified the +10 mace of Calculation {flame, rN+}
 12549 | Elf:3    | Noticed a Hell Sentinel
 12582 | Elf:3    | Identified the +1 flail of Pain and Death {drain, rPois
                  | Dex+3 Stlth+}
 12631 | Elf:3    | Identified the +1 robe of Serendipity {+Blink rCorr}
 12645 | Elf:3    | Gained mutation: You are dopey. (Int -2) [a cacodemon]
 12650 | Elf:3    | Noticed a Brimstone Fiend
 12707 | Elf:3    | Identified the ring "Ulyzar" {Str+4 Dex+5 Slay-4 SInv}
 12763 | Elf:3    | Found the +10 Black Knight's barding {ponderous, rPois rN+}
 12769 | Elf:3    | Identified the +1 chain mail of the Game of Kings {rPois
                  | rCorr Int-5}
 12773 | Elf:3    | Reached skill level 10 in Shields
 12783 | Elf:3    | Got a shimmering gem with 833 turns to spare
 12803 | Elf:3    | Identified the ring "Iwevimin" {rCorr Dex+5}
 12962 | Elf:1    | Lost mutation: You expend magic power (3 MP) to strengthen
                  | your wands. [potion of mutation]
 12962 | Elf:1    | Lost mutation: Armour fits poorly on your strangely shaped
                  | body. [potion of mutation]
 12962 | Elf:1    | Lost mutation: You are weak. (Str -2) [potion of mutation]
 12962 | Elf:1    | Gained mutation: Your magical capacity is low. (-10% MP)
                  | [potion of mutation]
 12962 | Elf:1    | Gained mutation: You occasionally lose the ability to read
                  | scrolls when taking damage. [potion of mutation]
 12962 | Elf:1    | Gained mutation: You have large cloven feet. [potion of
                  | mutation]
 12963 | Elf:1    | Lost mutation: You occasionally lose the ability to read
                  | scrolls when taking damage. [potion of mutation]
 12963 | Elf:1    | Lost mutation: Your magical capacity is low. (-10% MP)
                  | [potion of mutation]
 12963 | Elf:1    | Lost mutation: You are dopey. (Int -2) [potion of mutation]
 12963 | Elf:1    | Gained mutation: You have a pair of small horns on your
                  | head. [potion of mutation]
 12963 | Elf:1    | Gained mutation: You passively dampen the noise of your
                  | surroundings. [potion of mutation]
 12963 | Elf:1    | Lost mutation: You are robust. (+10% HP) [potion of
                  | mutation]
 12963 | Elf:1    | Gained mutation: You are resistant to electric shocks.
                  | (rElec) [potion of mutation]
 13151 | D:12     | Noticed Sonja
 13218 | D:11     | Found a gate leading to a gauntlet.
 13237 | Gauntlet | Entered a Gauntlet
 13237 | Gauntlet | Found a transporter.
 13237 | Gauntlet | Found a runed translucent door.
 13238 | Gauntlet | Found a runed translucent door.
 13240 | Gauntlet | Found a transporter.
 13240 | Gauntlet | Found a transporter.
 13240 | Gauntlet | Found a transporter.
 13259 | Gauntlet | Found a transporter.
 13260 | Gauntlet | Found a transporter.
 13260 | Gauntlet | Found a transporter.
 13274 | Gauntlet | Found a transporter.
 13274 | Gauntlet | Found a transporter.
 13286 | Gauntlet | Found a transporter.
 13303 | Gauntlet | Found a transporter.
 13303 | Gauntlet | Found a transporter.
 13304 | Gauntlet | Found a transporter.
 13311 | Gauntlet | Found a runed translucent gate.
 13311 | Gauntlet | Found a runed translucent gate.
 13311 | Gauntlet | Found a runed translucent gate.
 13315 | Gauntlet | Found a transporter.
 13345 | Gauntlet | Identified the ring of Raog {Fire Int+3}
 13416 | D:12     | Noticed Jorgrun
 13426 | D:12     | Killed Jorgrun
 13858 | D:15     | Entered Level 15 of the Dungeon
 13897 | D:14     | Found an opulent altar of Gozag.
 13986 | D:14     | Reached skill level 9 in Fire Magic
 14124 | D:13     | Reached XP level 20. HP: 135/159 MP: 22/36
 14183 | D:13     | Found a gate to the Vaults.
 14191 | Vaults:1 | Entered Level 1 of the Vaults
 14304 | Vaults:1 | Reached skill level 10 in Fire Magic
 14335 | Vaults:1 | Noticed Zenata
 14344 | Vaults:1 | Killed Zenata
 14348 | Vaults:1 | Found Patit's Book Boutique.
 14380 | Vaults:2 | Reached skill level 11 in Fire Magic
 14487 | Vaults:3 | Reached skill level 12 in Fire Magic
 14547 | Vaults:2 | Found a staircase to the Crypt.
 14815 | Vaults:4 | Identified the +7 great mace of Ytaipemy {flame, Dex+3}
 14864 | Vaults:4 | Reached skill level 13 in Fire Magic
 14996 | Vaults:4 | Learned a level 6 spell: Starburst
 14997 | Vaults:5 | Entered Level 5 of the Vaults
 15003 | Vaults:5 | Reached skill level 14 in Fire Magic
 15076 | Vaults:5 | Reached XP level 21. HP: 121/165 MP: 4/37
 15094 | Vaults:5 | Reached skill level 15 in Fire Magic
 15101 | Vaults:5 | Noticed Bai Suzhen
 15210 | Vaults:5 | Killed Bai Suzhen
 15249 | Vaults:5 | Learned a level 5 spell: Fireball
 15307 | Vaults:5 | Identified the ring "Onoekh" {rElec MP+9}
 15328 | Vaults:5 | Identified the +2 pair of boots of Beogh's Brutal Revenge
                  | {Str+2 SInv}
 15358 | Vaults:5 | Noticed a dread lich
 15362 | Vaults:5 | Killed a dread lich
 15453 | Vaults:5 | Found Joityi's Book Shop.
 15470 | Vaults:5 | Bought a book of Touch for 330 gold pieces
 15470 | Vaults:5 | Bought a book of Armaments for 540 gold pieces
 15592 | Vaults:5 | Identified the ring "Pabyseer" {Ice Will+ Int-3 Slay+5}
 15596 | Vaults:5 | Got a silver rune of Zot
 15597 | Vaults:5 | Got a shining gem with 1440 turns to spare
 15608 | Vaults:5 | Identified the staff "Qetoross" {rElec rC++ Str-4 Dex+4
                  | Air}
 15726 | Vaults:5 | Noticed Saint Roka
 15730 | Vaults:5 | Reached skill level 15 in Spellcasting
 15740 | Vaults:4 | Learned a level 4 spell: Dispel Undead
 15956 | Crypt:1  | Entered Level 1 of the Crypt
 16014 | Crypt:2  | Reached skill level 16 in Fire Magic
 16044 | Crypt:1  | Noticed Boris
 16051 | Crypt:1  | Killed Boris
 16134 | Crypt:2  | Found a basalt altar of Yredelemnul.
 16166 | Crypt:3  | Entered Level 3 of the Crypt
 16170 | Crypt:3  | Noticed a dread lich
 16177 | Crypt:3  | Killed a dread lich
 16178 | Crypt:3  | Reached XP level 22. HP: 172/172 MP: 28/41
 16284 | Crypt:3  | Identified the ring "Bucio" {rF+ rN+ Str+3 Dex-5 Stlth+}
 16285 | Crypt:3  | Identified the ring "Veoricao" {rN+ Dex+3}
 16286 | Crypt:3  | Identified the ring "Poriat" {rElec rN+ Slay+3}
 16417 | Crypt:3  | Reached skill level 17 in Fire Magic
 16418 | Crypt:3  | Got the Omnibus of Debased Ceremonies
 16483 | Crypt:3  | Noticed a royal mummy
 16488 | Crypt:3  | Killed a royal mummy
 16508 | Crypt:3  | Identified the ring "Feseg" {rC++ rN+ Int+6}
 16511 | Crypt:3  | Got the Commentary on Necromancy and the Maleficium
 16511 | Crypt:3  | Got an ivory gem with 906 turns to spare
 16541 | Crypt:3  | Learned a level 8 spell: Ignition
 16632 | Crypt:3  | Found a staircase to the Tomb.
 16648 | Tomb:1   | Entered Level 1 of the Tomb of the Ancients
 16731 | Tomb:1   | Reached skill level 18 in Fire Magic
 16757 | Tomb:1   | Noticed a royal mummy
 16758 | Tomb:1   | Noticed a royal mummy
 16761 | Tomb:1   | Noticed a royal mummy
 16766 | Tomb:1   | Noticed a royal mummy
 16768 | Tomb:1   | HP: 7/174 [emperor scorpion[a royal mummy] (14)]
 16769 | Tomb:1   | Succumbed to an emperor scorpion's poison

Illustrated notes

Levels and vault maps discovered:
D:1:      dpeg_arrival_water_fire, layout_loops_ring,
          hellmonk_ecumenical_altar_inner_sanctum, st_stairs_7
D:2:      layout_basic, hangedman_abyss_or_decor_lesser_grid
D:3:      layout_loops_ring, uniq_ijyb
D:4:      layout_basic, chequers_avenue, minmay_ruptured
D:5:      lemuel_castle_with_subvaults [lemuel_castle_interior_carwin_3],
          layout_loops_corners, okawaru_metal_pillars_1_2,
          fedhas_altar_fruit_tree, chequers_ossuary_entry_cave, uniq_eustachio
D:6:      layout_cave_pools, kennysheep_little_box,
          minmay_temple_entry_purple_smoke, serial_shops, shop, st_stairs_8
D:7:      layout_rooms, uniq_pikel
D:8:      bobbens_index_wilting_gardens, layout_basic, minmay_misc_feat_rugged,
          minmay_manual_mess
D:9:      layout_stronghold, grunt_temple_overflow_octagram,
          chequers_temple_overflow_statue_of_worship, hiddenorc1_lemuel,
          corexii_mini_fake_secret_closet
D:10:     layout_small_grid
D:11:     cheibrodos_elevator_heist, layout_basic, gauntlet_entry_generic,
          st_stairs_11, tgw_xom
D:12:     minmay_inside_and_out, layout_cave_pools, uniq_josephine, uniq_sonja,
          uniq_jorgrun
D:13:     layout_loops_cross, david_vaults_5, uniq_urug
D:14:     layout_cross, grunt_gozag_statues, kennysheep_minor_cross
D:15:     gammafunk_enter_depths_forms, layout_loops_ring, glass_columns_c,
          nicolae_wooded_promenade, serial_nicolae_subway,
          nicolae_sub_station_crystal, nicolae_sub_station_stone,
          nicolae_sub_station_metal
Temple:   zaba_magenta_temple
Lair:1:   layout_cave_pods
Lair:2:   layout_regular_city, minmay_swamp_entry_worms,
          nicolae_spider_entry_lesser_pyramids
Lair:3:   layout_regular_city, serial_bayou_pond_c,
          grunt_forest_large_clearing_hut
Lair:4:   nzn_winding_woodlands_three_and_one
          [nzn_winding_woodlands_5x15_lazy_stream,
          nzn_winding_woodlands_5x15_cabin,
          nzn_winding_woodlands_5x15_pathside_ponds,
          nzn_winding_woodlands_center_lodge], layout_regular_city
Lair:5:   due_jungle_book, layout_loops_ring, minmay_slime_entry_oklob_enclosed,
          enter_volcano_4
Swamp:1:  layout_basic_swamp, basic_altar, infiniplex_staircase_pool
Swamp:2:  gammafunk_sealed_arena, layout_basic_swamp,
          infiniplex_staircase_pool_2, swamp_pool_4
Swamp:3:  tekkud_swamp_unearthing_site, layout_basic_swamp,
          evilmike_swamp_ruin_house_5, evilmike_swamp_ruin_rubble_1,
          swamp_pool_5
Swamp:4:  swamp_old_school, layout_basic_swamp
Spider:1: layout_spider_delve
Spider:2: layout_chambers, ebering_ghost_reflecting_pool,
          nicolae_spider_wall_of_niches
Spider:3: layout_cave_pods, hangedman_stitches_earthworm, uniq_arachne,
          uniq_agnes
Spider:4: floodkiller_spider_rune_tomb, guppyfry_spider_mini_1
Slime:1:  layout_caves, basic_altar, nicolae_slime_barrier
Slime:2:  layout_caves
Slime:3:  layout_caves, nicolae_slime_round_cave
Slime:4:  layout_caves
Slime:5:  slime_pit_nicolae_amoeboid
Orc:1:    layout_caves, basic_altar, uniq_erolcha
Orc:2:    pubby_orc_utopia
Elf:1:    elf_arrival_001, layout_loops_corners, nicolae_elf_shapeshifter_party
Elf:2:    nicolae_elf_blades_splatter_lattice [nicolae_blade_tridents],
          layout_loops_cross, serial_shops, nicolae_shop_statue_plus
Elf:3:    minmay_elf_hall_not_hex, layout_rooms, hangedman_glass_teeth,
          uniq_aizul, uniq_roxanne
Vaults:1: hangedman_vaults_stagger, v_misc_32, vaults_dpeg_diagonal,
          nicolae_vaults_closet_pinwheel_5, nicolae_vaults_trapezoid_layered,
          vaults_room_large_hall, ontoclasm_vaults_misaligned,
          vaults_room_fours, grunt_vaults_focal, nicolae_vaults_border_crossing,
          layout_vaults_quadrants, serial_shops, nicolae_shop_statue_plus,
          uniq_zenata
Vaults:2: nicolae_vaults_three_branches, nicolae_vaults_ring_of_whatevers,
          dpeg_vaults_waves, blue_anna_dwarven_crypt,
          nicolae_vaults_steering_wheel, v_misc_4, v_misc_26,
          ontoclasm_vaults_twist, v_pattern_3, dpeg_vaults_monster_box,
          nicolae_vaults_diamond_2, nicolae_vaults_asterisk,
          layout_vaults_omnibox
Vaults:3: v_misc_33, hangedman_vaults_hat, nicolae_vaults_storage_room_doors,
          hangedman_vaults_maws, v_misc_4, nicolae_vaults_mitosis,
          nicolae_vaults_security_offices_3, hangedman_vaults_restitches,
          vaults_dpeg_hooks, vaults_room_hallway,
          nicolae_vaults_storage_room_water,
          nicolae_vaults_trapezoid_lopsided_1, nicolae_vaults_trapezoid_1,
          layout_vaults_maze
Vaults:4: gammafunk_ghost_smash, nicolae_vaults_oval_intersection,
          vaults_room_octagon, nicolae_vaults_shelves_hall,
          vaults_room_large_hall, nicolae_vaults_trapezoid_1,
          nicolae_vaults_six-pack, layout_vaults_chaotic_city
Vaults:5: uniq_bai_suzhen, uniq_saint_roka
Crypt:1:  layout_chaotic_city, grunt_crypt_arrival_split, uniq_boris,
          uniq_donald
Crypt:2:  layout_chaotic_city, basic_altar
Crypt:3:  due_elkab, layout_chaotic_city
Tomb:1

Skill      XL: |  1  2  3  4  5  6  7  8  9 10 11 12 13 14 15 16 17 18 19 20 21 22 |
---------------+-------------------------------------------------------------------+-----
Fighting       | 1 2 3 5 7 8 9 10 11 12 13 14 | 14.9
Conjurations   | 2 3 4 8 |  8.0
Earth Magic    | 4 5 8 |  8.0
Dodging        | 3 4 6 7 8 9 10 11 12 | 12.0
Stealth        | 3 4 6 8 10 | 10.0
Spellcasting   | 4 6 8 9 10 11 12 15 | 15.0
Alchemy        | 7 8 9 12 | 12.0
Fire Magic     | 2 8 9 14 16 18 | 18.0
Throwing       | 2 |  2.0
Necromancy     | 2 4 6 8 |  8.0
Evocations     | 2 3 |  3.0
Invocations    | 8 |  8.0
Translocations | 2 |  2.0
Armour         | 6 9 10 11 12 | 12.0
Axes           | 8 |  8.0
Shields        | 6 11 12 | 12.0

Action                     |  1- 3 |  4- 6 |  7- 9 | 10-12 | 13-15 | 16-18 | 19-21 | 22-24 || total
---------------------------+-------+-------+-------+-------+-------+-------+-------+-------++-------
  Melee: Dagger            |     2 |       |       |       |       |       |       |       ||     2
         Rapier            |     5 |     7 |    55 |   107 |    85 |    93 |   133 |    13 ||   498
         Punch             |       |       |       |     3 |       |       |       |       ||     3
         Quarterstaff      |       |       |       |       |       |    13 |       |       ||    13
         Broad axe         |       |       |       |       |       |    32 |    38 |       ||    70
         Headbutt          |       |       |       |       |       |       |    54 |     5 ||    59
  Throw: Stone             |       |     4 |    10 |     3 |       |       |       |       ||    17
         Dart              |       |     2 |     3 |    23 |     2 |    15 |     8 |       ||    53
         Throwing net      |       |       |       |     2 |       |       |     1 |       ||     3
         Boomerang         |       |       |       |     2 |     3 |    18 |     6 |       ||    29
         Javelin           |       |       |       |       |       |       |     3 |       ||     3
   Cast: Sandblast         |    36 |    50 |   103 |   116 |     9 |     3 |       |       ||   317
         Stone Arrow       |       |       |    38 |    87 |    86 |   112 |   169 |    21 ||   513
         Passwall          |       |       |     7 |    50 |   103 |    55 |    52 |       ||   267
         Olgreb's Toxic Ra |       |       |       |    65 |    83 |    51 |    82 |       ||   281
         Ignite Poison     |       |       |       |    26 |    55 |    93 |    65 |       ||   239
         Sublimation of Bl |       |       |       |    32 |    66 |   125 |    93 |    15 ||   331
         Irradiate         |       |       |       |     7 |    51 |    62 |   104 |     5 ||   229
         Apportation       |       |       |       |       |    54 |   105 |   111 |    21 ||   291
         Eringya's Noxious |       |       |       |       |    13 |    53 |    26 |       ||    92
         Borgnjor's Vile C |       |       |       |       |     5 |       |    12 |       ||    17
         Blink             |       |       |       |       |       |     5 |     4 |     7 ||    16
         Fireball          |       |       |       |       |       |       |    15 |       ||    15
         Starburst         |       |       |       |       |       |       |    13 |    10 ||    23
         Dispel Undead     |       |       |       |       |       |       |    18 |    80 ||    98
         Ignition          |       |       |       |       |       |       |       |     5 ||     5
 Invoke: Slouch            |       |       |       |       |     1 |    12 |     5 |       ||    18
  Evoke: Wand              |       |       |     1 |     4 |     2 |     6 |     6 |       ||    19
         Tin of tremorston |       |       |       |       |       |     3 |       |       ||     3
         Sack of spiders   |       |       |       |       |       |       |     1 |       ||     1
    Use: Scroll            |       |       |     7 |     6 |     8 |     9 |    31 |     9 ||    70
         Potion            |       |       |       |       |     7 |    10 |    18 |       ||    35
   Stab: Sleeping          |     1 |     1 |     1 |     6 |    14 |     4 |    20 |     7 ||    54
         Distracted        |       |       |       |       |       |       |     1 |       ||     1
 Armour: Robe              |     9 |    16 |    87 |   127 |   154 |       |       |       ||   393
         Chain mail        |       |       |       |       |    31 |   265 |       |       ||   296
         Swamp dragon scal |       |       |       |       |       |    39 |       |       ||    39
         Scale mail        |       |       |       |       |       |     2 |   430 |    67 ||   499
  Dodge: Dodged            |    16 |    44 |   111 |   248 |   374 |   454 |   500 |    71 ||  1818
         Repelled          |       |       |       |       |       |    10 |    17 |     1 ||    28
  Block: Buckler           |       |       |       |       |       |    88 |     6 |       ||    94
         Kite shield       |       |       |       |       |       |       |   629 |   102 ||   731
